 Dungeon Crawl Stone Soup version 0.31.0-32-g396128a36d (webtiles) character file.

Game seed: 16113367086096320275

1521 hawla the Firebug (level 8, -9/41 HPs)
             Began as a Deep Elf Fire Elementalist on Apr 14, 2024.
             Mangled by a wraith (10 damage)
             ... on level 5 of the Dungeon.
             The game lasted 00:13:01 (5434 turns).

hawla the Firebug (Deep Elf Fire Elementalist)      Turns: 5434, Time: 00:13:01

Health: -9/41      AC:  5    Str:  5    XL:     8   Next: 54%
Magic:  3/17       EV: 12    Int: 23    God:
Gold:   410        SH:  0    Dex: 15    Spells: 10/17 levels left

rFire   . . .        d - staff of cold
rCold   + . .        (no shield)
rNeg    . . .        a - +0 robe
rPois   .            s - +0 helmet
rElec   .            (no cloak)
rCorr   .            q - +0 pair of gloves
SInv    .            l - +0 pair of boots
Will    .....        (no amulet)
Stlth   ++           (no ring)
HPRegen 0.26/turn    (no ring)
MPRegen 0.15/turn

%: no passive effects
@: about to teleport, slowed, very slow
A: no striking features
a: no special abilities


You were on level 5 of the Dungeon.
You visited 1 branch of the dungeon, and saw 5 of its levels.

You collected 410 gold pieces.

Inventory:

Hand Weapons
 m - a +0 quarterstaff
Armour
 a - a +0 robe (worn)
 l - a +0 pair of boots (worn)
 q - a +0 pair of gloves (worn)
 s - a +0 helmet (worn)
Magical Staves
 d - a staff of cold (weapon)
 z - a staff of air
Jewellery
 t - a ring of flight
Wands
 j - a wand of charming (10)
 x - a wand of roots (8)
Scrolls
 b - 3 scrolls of fear
 e - 3 scrolls of revelation
 n - a scroll of enchant armour
 o - a scroll of torment
 u - 2 scrolls of vulnerability {unknown}
 v - 4 scrolls of identify
 w - 2 scrolls of teleportation
 y - a scroll of enchant weapon {unknown}
Potions
 c - a potion of heal wounds
 f - a potion of enlightenment {unknown}
 g - 2 potions of lignification {unknown}
 h - a potion of berserk rage {unknown}
 i - 2 potions of degeneration {unknown}
 k - a potion of haste {unknown}
 p - 2 potions of resistance {unknown}
 r - a potion of curing {unknown}


   Skills:
 + Level 6.6 Staves
 - Level 2.4 Dodging
 - Level 2.4 Stealth
 - Level 5.0 Spellcasting
 - Level 4.7 Conjurations
 - Level 7.0 Fire Magic
 - Level 2.0 Ice Magic
 - Level 2.0 Evocations


You had 10 spell levels left.
You knew the following spells:

 Your Spells              Type           Power      Damage    Failure   Level
a - Foxfire               Conj/Fire      100%       2x1d9     1%          1
b - Scorch                Fire           76%        2d8       1%          2
c - Flame Wave            Conj/Fire      32%        2d9       9%          4

Your spell library contained the following spells:

 Spells                   Type           Power      Damage    Failure   Level
 Sting                    Conj/Alch      64%        1d7       3%          1
 Inner Flame              Hex/Fire       21%        N/A       7%          3
 Volatile Blastmotes      Fire/Tloc      42%        2d13      7%          3
 Apportation              Tloc           10%        N/A       10%         1
 Necrotise                Necr           20%        1d5       10%         1
 Summon Small Mammal      Summ           20%        N/A       10%         1
 Jinxbite                 Hex            10%        N/A       14%         2
 Yara's Violent Unravell  Hex/Alch       2%         3d3       95%         5
 Enfeeble                 Hex            2%         N/A       100%        7


Dungeon Overview and Level Annotations

Branches:
Dungeon (5/15)
 Temple: D:4-7

Altars:
Fedhas
Hepliaklqana
Nemelex Xobeh
Qazlal
Wu Jian
Xom
Zin
The Shining One

Shops:
D:5 (

Annotations:
D:5 2 runed translucent doors


Message History

Flames lash the ice beast.
The ice beast melts!
The ice beast is heavily wounded.
The ice beast hits you but does no damage.
A wraith comes into view.
Casting: Scorch (safe; 1% risk of failure)
Confirm with . or Enter, or press ? or * to list all spells.
Flames lash the ice beast.
The ice beast melts!
The ice beast is almost dead.
The ice beast hits you. The ice beast freezes you. You resist.
Casting: Scorch (safe; 1% risk of failure)
Confirm with . or Enter, or press ? or * to list all spells.
Flames lash the ice beast.
The ice beast melts!
You kill the ice beast!
Casting: Scorch (safe; 1% risk of failure)
Confirm with . or Enter, or press ? or * to list all spells.
Casting: Flame Wave (quite dangerous; 9% risk of failure)
Press: ? - help, Dir - look around, f - activate A wave of flame ripples out!
The flame wave engulfs the wraith but does no damage. (Press . to intensify the flame waves.)
The wraith hits you! The wraith drains your vigour!
You feel yourself slow down.
A wave of flame ripples out!
The flame wave engulfs the wraith!
The wraith is moderately damaged.
The wraith hits you but does no damage. The wraith closely misses you.
A wave of flame ripples out!
The flame wave engulfs the wraith.
The wraith is moderately damaged.
You finish channelling waves of flame.
The wraith hits you!
As you read the scroll of teleportation, it crumbles to dust.
You feel strangely unstable. The wraith hits you!
* * * LOW HITPOINT WARNING * * *
The wraith drains your vigour!
You feel as though you will be slow longer.
The wraith closely misses you. The wraith attacks as it pursues you!
The wraith hits you!
* * * LOW HITPOINT WARNING * * *
The wraith drains your vigour!
You feel as though you will be slow longer.
The wraith hits you!
You die...

#..'......+.# #.
##.)......+.# #.
#.#8....8#.# #.
####.##8.[8##.####.
#.....######.....#.
#..###'# #+###...
#.##...# ##.# #
#.#.## #.# #@##.#
#.# #W#.## #..
#.### #.. ##!.†.#
##.. ##### ###...
...... ######.
##...##. #.......


You could see a wraith.

Vanquished Creatures
  A shadow (D:5)
  3 ice beasts (D:5)
  A black bear (D:5)
  2 ogres
  2 kobold brigands
  A bullfrog (D:4)
  2 scorpions
  A howler monkey (D:5)
  A bombardier beetle (D:4)
  4 orc priests
  2 iguanas
  Robin (D:3)
  4 gnolls
  6 adders
  A shadow imp (D:5)
  A white imp (D:5)
  5 ribbon worms
  2 dart slugs
  10 orcs
  9 endoplasms
  12 giant cockroaches
  15 goblins
  13 hobgoblins
  4 jackals (D:2)
  9 kobolds
  4 quokkas
  6 ball pythons
  9 bats
  8 rats
  A butterfly (D:4)
140 creatures vanquished.

Vanquished Creatures (collateral kills)
  4 foxfires (D:4)
4 creatures vanquished.

Vanquished Creatures (others)
  264 foxfires
264 creatures vanquished.

Grand Total: 408 creatures vanquished

Notes
Turn   | Place    | Note
-------+----------+-------------------------------------------
     0 | D:1      | hawla the Deep Elf Fire Elementalist began the quest for
                  | the Orb.
     0 | D:1      | Reached XP level 1. HP: 10/10 MP: 6/6
   167 | D:1      | Reached skill level 4 in Fire Magic
   167 | D:1      | Reached XP level 2. HP: 15/15 MP: 4/8
   475 | D:1      | Learned a level 2 spell: Scorch
   504 | D:1      | Reached XP level 3. HP: 19/19 MP: 0/9
  1206 | D:1      | Reached skill level 5 in Fire Magic
  1658 | D:2      | Reached XP level 4. HP: 22/24 MP: 0/10
  1664 | D:2      | Reached skill level 1 in Ice Magic
  1664 | D:2      | Reached skill level 1 in Evocations
  1780 | D:2      | Learned a level 4 spell: Flame Wave
  2363 | D:3      | Reached XP level 5. HP: 28/28 MP: 5/11
  2536 | D:3      | Found a glowing silver altar of Zin.
  2602 | D:3      | Found a hazy altar of Hepliaklqana.
  2646 | D:3      | Noticed Robin
  2652 | D:3      | Killed Robin
  3472 | D:3      | Reached XP level 6. HP: 32/32 MP: 10/13
  3647 | D:4      | Reached skill level 6 in Fire Magic
  3897 | D:4      | Found a blossoming altar of Fedhas.
  3897 | D:4      | Found a stormy altar of Qazlal.
  3897 | D:4      | Found a glowing golden altar of the Shining One.
  4331 | D:4      | Reached XP level 7. HP: 36/36 MP: 12/16
  4595 | D:4      | Reached skill level 5 in Spellcasting
  4595 | D:4      | Reached skill level 7 in Fire Magic
  4652 | D:4      | Found a shimmering altar of Xom.
  4892 | D:5      | Entered Level 5 of the Dungeon
  4911 | D:5      | Found Wuram's Antique Weapon Shoppe.
  4931 | D:5      | Found an ornate altar of the Wu Jian Council.
  4932 | D:5      | Found a sparkling altar of Nemelex Xobeh.
  4957 | D:5      | Reached skill level 1 in Staves
  5091 | D:5      | Reached XP level 8. HP: 41/41 MP: 3/17
  5241 | D:5      | Found a large runed translucent door.
  5241 | D:5      | Found a large runed translucent door.
  5261 | D:5      | Found a large runed translucent door.
  5261 | D:5      | Found a large runed translucent door.
  5277 | D:5      | Reached skill level 5 in Staves
  5434 | D:5      | HP: 1/41 [wraith (9)]
  5434 | D:5      | Mangled by a wraith

Illustrated notes

Levels and vault maps discovered:
D:1:      dpeg_arrival_rooms_a, layout_loops_corners, minmay_worlds_worst_comb
D:2:      cheibrodos_pilgrimage, layout_rooms
D:3:      layout_loops_ring, zin_academy, mainiacjoe_overflow_24_doors,
          uniq_robin
D:4:      layout_rooms, gammafunk_temple_overflow_claw, xom_butterflies,
          serial_bayou, serial_bayou_pond_c, serial_bayou_shore_b,
          serial_bayou_lagoon_b, serial_bayou_ford_a
D:5:      layout_gridville, mainiacjoe_overflow_divided_tiny,
          minmay_temple_entry_gardened_gates, serial_shops, shop_coins,
          minmay_hollow_rounded_squares

Skill      XL: |  1  2  3  4  5  6  7  8 |
---------------+-------------------------+-----
Fire Magic     | 4 5 6 7 |  7.0
Ice Magic      | 1 2 |  2.0
Evocations     | 1 2 |  2.0
Conjurations   | 2 4 |  4.7
Spellcasting   | 4 5 |  5.0
Staves         | 3 6 |  6.6
Dodging        | |  2.4
Stealth        | |  2.4

Action                     |  1- 3 |  4- 6 |  7- 9 || total
---------------------------+-------+-------+-------++-------
  Melee: Unarmed           |    13 |       |       ||    13
         Staff             |     2 |    15 |     7 ||    24
   Cast: Foxfire           |    58 |    70 |    26 ||   154
         Scorch            |    19 |    41 |    23 ||    83
         Flame Wave        |       |     4 |     3 ||     7
    Use: Scroll            |     4 |     6 |     1 ||    11
         Potion            |       |     3 |       ||     3
 Armour: Robe              |    14 |    25 |    21 ||    60
  Dodge: Dodged            |    24 |    27 |    14 ||    65
